 Dungeon Crawl Stone Soup version 0.31.0-12-g77e489cdc1 (webtiles) character file.

Game seed: 10832066581603682315

137 James the Magician (level 5, -1/29 HPs)
             Began as a Deep Elf Earth Elementalist on Feb 11, 2024.
             Was an Initiate of Vehumet.
             Killed from afar by an orc wizard (9 damage)
             ... with a puff of flame
             ... on level 4 of the Dungeon.
             The game lasted 00:13:01 (3544 turns).

James the Magician (Deep Elf Earth Elementalist)    Turns: 3544, Time: 00:13:02

Health: -1/29      AC:  3    Str:  5    XL:     5   Next: 0%
Magic:  11/13      EV: 12    Int: 22    God:    Vehumet [......]
Gold:   69         SH:  0    Dex: 15    Spells: 6/12 levels left

rFire   . . .        a - +2 dagger (freeze)
rCold   . . .        (no shield)
rNeg    . . .        s - +0 robe
rPois   +            (no helmet)
rElec   .            (no cloak)
rCorr   .            (no gloves)
SInv    .            m - +0 pair of boots
Will    .....        (no amulet)
Stlth   ++           n - ring of poison resistance
HPRegen 0.24/turn    (no ring)
MPRegen 0.13/turn

%: no passive effects
@: no status effects
A: no striking features
a: Renounce Religion


You were on level 4 of the Dungeon.
You worshipped Vehumet.
Vehumet was noncommittal.
You visited 2 branches of the dungeon, and saw 5 of its levels.

You collected 69 gold pieces.

Inventory:

Hand Weapons
 a - a +2 dagger of freezing (weapon)
   (You found it on level 1 of the Dungeon)
 e - a +0 mace of holy wrath
   (You found it on level 4 of the Dungeon)
 g - a +0 club
   (You took it off a goblin on level 1 of the Dungeon)
 h - a +0 short sword
   (You took it off a kobold on level 1 of the Dungeon)
 j - a +0 dagger
   (You found it on level 1 of the Dungeon)
 B - a +0 falchion
   (You found it on level 3 of the Dungeon)
 C - a +0 rapier of venom
   (You found it on level 3 of the Dungeon)
 F - a +0 sling
   (You found it on level 3 of the Dungeon)
Missiles
 c - 18 stones
 v - 5 poisoned darts
 x - a boomerang
Armour
 l - a +0 leather armour
   (You found it on level 1 of the Dungeon)
 m - a +0 pair of boots (worn)
   (You found it on level 1 of the Dungeon)
 q - a +0 scale mail
   (You found it on level 1 of the Dungeon)
 s - a +0 robe (worn)
 t - a +0 chain mail
   (You found it on level 2 of the Dungeon)
 w - a +0 ring mail
   (You found it on level 2 of the Dungeon)
 y - a +0 leather armour
   (You found it on level 2 of the Dungeon)
Jewellery
 n - a ring of poison resistance (left hand)
   (You found it on level 1 of the Dungeon)
Scrolls
 k - a scroll of teleportation {@r4}
 o - a scroll of brand weapon
 p - a scroll of fog {unknown}
 r - a scroll of amnesia {unknown}
 A - 2 scrolls of noise {!r}
 D - a scroll of vulnerability {unknown}
 H - a scroll of blinking {unknown}
Potions
 b - a potion of magic
 d - a potion of heal wounds {@q2}
 f - 2 potions of lignification {!q}
 i - 2 potions of might {unknown}
 u - a potion of mutation {!q}
 z - a potion of ambrosia
 G - a potion of enlightenment


   Skills:
 - Level 1.0 Fighting
 - Level 2.4 Dodging
 - Level 2.4 Stealth
 + Level 4.2 Spellcasting
 * Level 3.7 Conjurations
 - Level 4.0 Earth Magic


You had 6 spell levels left.
You knew the following spells:

 Your Spells              Type           Power      Damage    Failure   Level
a - Sandblast             Erth           44%        2d11      2%          1
b - Blink                 Tloc           8%         N/A       17%         2
x - Stone Arrow           Conj/Erth      42%        3d9       7%          3

Your spell library contained the following spells:

 Spells                   Type           Power      Damage    Failure   Level
 Magic Dart               Conj           84%        1d7       2%          1
 Passwall                 Erth           22%        N/A       6%          3
 Call Imp                 Summ           8%         N/A       17%         2
 Brom's Barrelling Bould  Conj/Erth      21%        2d4       22%         4
 Frozen Ramparts          Ice            8%         1d2       32%         3
 Leda's Liquefaction      Alch/Erth      6%         N/A       43%         4
 Petrify                  Alch/Erth      13%        N/A       43%         4
 Metabolic Englaciation   Hex/Ice        2%         N/A       97%         5


Dungeon Overview and Level Annotations

Branches:
Dungeon (4/15)             Temple (1/1) D:4

Altars:
Cheibriados
Dithmenos
Elyvilon
Fedhas
Gozag
Hepliaklqana
Kikubaaqudgha
Makhleb
Nemelex Xobeh
Okawaru
Ru
Sif Muna
Trog
Uskayaw
Vehumet
Wu Jian
Xom
Yredelemnul
Zin
The Shining One

Portals:
Sewer: D:4

Annotations:
D:3 1 runed translucent door, exclusion: orc warrior


Message History

Press: ? - help, Shift-Dir - straight line, f - orc
Aim: an orc, wielding a +0 club and wearing a +0 ring mail (85% to hit)
The blast of sand hits the orc.
Press: ? - help, Shift-Dir - straight line, f/p - orc
Aim: an orc, wielding a +0 club and wearing a +0 ring mail (heavily wounded, 85% to hit)
The blast of sand hits the orc.
You kill the orc!
Vehumet accepts your kill.
You have reached level 5!
A ribbon worm comes into view.
Found a glowing drain.
You hear some strange, mumbled words.
You are confused.
You're too confused to move!
Something hits you but does no damage.
You completely miss something.
You hear some strange, mumbled words.
A puff of flame appears from out of thin air!
The puff of flame hits you!
Unknown command.
You hear some strange, mumbled words.
A puff of flame appears from out of thin air!
The puff of flame hits you!
Unknown command.
Something hits you.
* * * LOW HITPOINT WARNING * * *
Okay, then.
You're too confused to move!
Something hits you.
* * * LOW HITPOINT WARNING * * *
The ribbon worm expels a string of sticky webbing.
The stream of webbing hits you but does no damage.
You are caught in a web!
Unknown command.
You struggle to detach yourself from the web.
You hear the rusting of a drain.
You feel less confused. Something hits you.
* * * LOW HITPOINT WARNING * * *
Unknown command.
You struggle to detach yourself from the web.
Something hits you.
* * * LOW HITPOINT WARNING * * *
Unknown command.
The web tears apart.
Something hits you but does no damage.
You hear some strange, mumbled words.
A puff of flame appears from out of thin air!
The puff of flame hits you!
You die...

*.~~~~~~~..,,*
*#~~∩####..,**
#~~##.....,*
#~~#....#*,*
#~w#...,,,,**
###~~#)#****,,********
##~~.$.######,,,,,,>,,
##~..{.......,**,**,**
###..@#.##..,,**,,,,,*
#......#,**,****,*,*
######.#,*******,*,,
#.#,*,,,,,,,***
#.#,*,*****,* #.#,,,*
*** #.####*
#....##########
####.##........


You could see a ribbon worm (catching breath).

Vanquished Creatures
  A human zombie (D:3)
  3 gnolls (D:3)
  3 dart slugs
  3 ribbon worms (D:3)
  7 orcs
  8 endoplasms
  2 giant cockroaches (D:3)
  4 goblins
  2 hobgoblins
  4 jackals (D:1)
  2 quokkas (D:3)
  8 ball pythons
  2 bats
  2 frilled lizards
  A jackal skeleton (D:3)
  3 kobolds
  2 rats (D:3)
57 creatures vanquished.

Notes
Turn   | Place    | Note
-------+----------+-------------------------------------------
     0 | D:1      | James the Deep Elf Earth Elementalist began the quest for
                  | the Orb.
     0 | D:1      | Reached XP level 1. HP: 10/10 MP: 6/6
   182 | D:1      | Reached XP level 2. HP: 16/16 MP: 6/8
  1337 | D:2      | Reached XP level 3. HP: 20/20 MP: 7/9
  1341 | D:2      | Learned a level 3 spell: Stone Arrow
  1785 | D:3      | Noticed an orc warrior
  2008 | D:3      | Learned a level 2 spell: Blink
  2050 | D:3      | Found a snail-covered altar of Cheibriados.
  2057 | D:3      | Reached skill level 1 in Fighting
  2255 | D:3      | Reached XP level 4. HP: 17/25 MP: 5/11
  2456 | D:3      | Found a blossoming altar of Fedhas.
  2600 | D:3      | Found a runed translucent door.
  2600 | D:3      | Noticed a human
  2604 | D:3      | Found a basalt altar of Yredelemnul.
  3417 | D:4      | Found a bloodstained altar of Trog.
  3417 | D:4      | Found a shadowy altar of Dithmenos.
  3470 | D:4      | Found a staircase to the Ecumenical Temple.
  3479 | Temple   | Entered the Ecumenical Temple
  3486 | Temple   | Became a worshipper of Vehumet
  3535 | D:4      | Reached XP level 5. HP: 29/29 MP: 9/13
  3535 | D:4      | Found a glowing drain.
  3544 | D:4      | Killed from afar by an orc wizard

Illustrated notes

Levels and vault maps discovered:
D:1:      evilmike_arrival_home_sweet_home, layout_basic, serial_forest,
          infiniplex_forest_clump_large, infiniplex_forest_end_2,
          infiniplex_forest_lined_room_3, infiniplex_forest_clump_tiny,
          infiniplex_forest_lined_corner, infiniplex_forest_fountain
D:2:      layout_basic, minmay_bisected
D:3:      layout_basic, dk_yredelemnul_ordeal, fedhas_altar_fruit_tree,
          slow_altar_1, hex_medium
D:4:      layout_basic, chequers_temple_overflow_statue_of_worship,
          minmay_temple_entry_antechambers, serial_shops,
          nicolae_shop_window_shopping, cheibrodos_sewer_entry_bend,
          biasface_ghost_orc_armoury
Temple:   nicolae_temple_no_exploring_needed

Skill      XL: |  1  2  3  4 |
---------------+-------------+-----
Conjurations   | 2 3 |  3.7
Fighting       | 1 |  1.0
Spellcasting   | 4 |  4.2
Earth Magic    | 4 |  4.0
Dodging        | |  2.4
Stealth        | |  2.4

Action                     |  1- 3 |  4- 6 || total
---------------------------+-------+-------++-------
  Melee: Dagger            |     1 |     2 ||     3
   Cast: Sandblast         |    61 |    25 ||    86
    Use: Scroll            |       |    10 ||    10
   Stab: Sleeping          |       |     1 ||     1
 Armour: Robe              |     4 |    11 ||    15
  Dodge: Dodged            |     8 |     4 ||    12
